 Dungeon Crawl Stone Soup version 0.29.0-13-gc9e81de378 (webtiles) character file.

Game seed: 13700816366208492629

70 MisterFreud the Covert (level 4, -1/41 HPs)
             Began as a Gnoll Delver on Sept 10, 2022.
             Slain by a bullfrog (7 damage)
             ... on level 4 of the Dungeon.
             The game lasted 00:01:13 (687 turns).

MisterFreud the Covert (Gnoll Delver)                Turns: 687, Time: 00:01:13

Health: -1/41      AC:  6    Str: 11    XL:     4   Next: 21%
Magic:  5/5        EV: 13    Int: 12    God:
Gold:   25         SH:  0    Dex: 13    Spells: 5/5 levels left

rFire   . . .      SeeInvis .   a - +0 short sword
rCold   . . .      Faith    .   (no shield)
rNeg    . . .      Spirit   .   b - +0 leather armour
rPois   .          Reflect  .   (no helmet)
rElec   .          Harm     .   (no cloak)
rCorr   .          Rampage  .   e - +2 pair of gloves
Will    .....                   (no boots)
Stlth   ++++......              (no amulet)
HPRegen 0.13/turn               (no ring)
MPRegen 0.09/turn               (no ring)

@: no status effects
A: fangs 1, strong nose, distributed training
a: no special abilities


You were on level 4 of the Dungeon.
You visited 1 branch of the dungeon, and saw 3 of its levels.

You collected 25 gold pieces.

Inventory:

Hand Weapons
 a - a +0 short sword (weapon)
Armour
 b - a +0 leather armour (worn)
 e - a +2 pair of gloves (worn)
Wands
 g - a wand of digging (3)
Scrolls
 c - a scroll of fog
 d - a scroll of magic mapping
Potions
 f - a potion of haste


   Skills:
 + Level 6.6 Fighting
 + Level 4.6 Short Blades
 + Level 1.1 Long Blades
 + Level 1.1 Axes
 + Level 1.1 Maces & Flails
 + Level 1.1 Polearms
 + Level 1.1 Staves
 + Level 1.1 Ranged Weapons
 + Level 1.1 Throwing
 + Level 1.1 Armour
 + Level 4.6 Dodging
 + Level 9.6 Stealth
 + Level 1.1 Shields
 + Level 1.1 Unarmed Combat
 + Level 1.1 Spellcasting
 + Level 0.8 Conjurations
 + Level 0.8 Hexes
 + Level 0.8 Summonings
 + Level 0.8 Necromancy
 + Level 0.8 Translocations
 + Level 0.8 Transmutations
 + Level 0.8 Fire Magic
 + Level 0.8 Ice Magic
 + Level 0.8 Air Magic
 + Level 0.8 Earth Magic
 + Level 0.8 Poison Magic
 + Level 1.2 Invocations
 + Level 1.1 Evocations


You had 5 spell levels left.
You didn't know any spells.
Your spell library was empty.

Dungeon Overview and Level Annotations

Branches:
Dungeon (6/15)
 Temple: D:4-7

Altars:

Annotations:
D:4 Edmund


Innate Abilities, Weirdness & Mutations

You have very sharp teeth.
Your uncanny sense of smell can sniff out nearby items.
Your experience applies equally to all skills.


Message History

The bullfrog closely misses you.
You barely miss the bullfrog. The bullfrog hits you.
You hit the bullfrog.
The bullfrog is moderately wounded.
The bullfrog completely misses you.
You hit the bullfrog.
The bullfrog is moderately wounded.
The bullfrog barely misses you. The bullfrog closely misses you.
You hit the bullfrog but do no damage.
The bullfrog is moderately wounded.
The bullfrog hits you.
You hit the bullfrog.
The bullfrog is heavily wounded.
The bullfrog closely misses you.
You hit the bullfrog.
The bullfrog is heavily wounded.
The bullfrog hits you but does no damage.
You hit the bullfrog but do no damage.
The bullfrog is heavily wounded.
The bullfrog barely misses you. The bullfrog hits you!
You closely miss the bullfrog. Your bite misses the bullfrog.
The bullfrog is heavily wounded.
The bullfrog barely misses you.
You hit the bullfrog.
The bullfrog is severely wounded.
The bullfrog hits you but does no damage.
You closely miss the bullfrog.
The bullfrog is severely wounded.
The bullfrog hits you but does no damage.
The bullfrog hits you.
* * * LOW HITPOINT WARNING * * *
Okay, then.
You closely miss the bullfrog.
The bullfrog is severely wounded.
The bullfrog hits you.
* * * LOW HITPOINT WARNING * * *
You hit the bullfrog. Your bite misses the bullfrog.
The bullfrog is almost dead.
The bullfrog hits you!
You die...

######### #### #.......#
.... ∆ #.......# ....#
#.......# ....# #.......#
..[.####+#......@########
....##...##'#####F.......
..........#.....#@.......
....##....+.....#........
....##....#.....+........
.........##...###........
.........##...# ....###+#
...........†..# ....+
######........# ....#


You could see Edmund and a bullfrog.

Vanquished Creatures
  A necrophage (D:4)
  2 dart slugs (D:4)
  A ball python (D:4)
  A goblin (D:4)
5 creatures vanquished.

Notes
Turn   | Place    | Note
-------+----------+-------------------------------------------
     0 | D:5      | Reached skill level 9 in Stealth
     0 | D:5      | MisterFreud the Gnoll Delver began the quest for the Orb.
     0 | D:5      | Reached XP level 1. HP: 23/23 MP: 1/1
    12 | D:5      | Noticed a centaur
    20 | D:5      | Noticed a hound
    25 | D:5      | HP: 1/23 [centaur/arrow (10)]
    33 | D:5      | Noticed a wight
    34 | D:5      | Noticed a wight
    34 | D:5      | Noticed a wight
    35 | D:5      | Noticed a wight
    48 | D:5      | Noticed a wight
   453 | D:4      | Noticed a necrophage
   484 | D:4      | Killed a necrophage
   485 | D:4      | Reached skill level 1 in Long Blades
   485 | D:4      | Reached skill level 1 in Axes
   485 | D:4      | Reached skill level 1 in Maces & Flails
   485 | D:4      | Reached skill level 1 in Polearms
   485 | D:4      | Reached skill level 1 in Staves
   485 | D:4      | Reached skill level 1 in Ranged Weapons
   485 | D:4      | Reached skill level 1 in Throwing
   485 | D:4      | Reached skill level 1 in Armour
   485 | D:4      | Reached skill level 1 in Shields
   485 | D:4      | Reached skill level 1 in Unarmed Combat
   485 | D:4      | Reached skill level 1 in Spellcasting
   485 | D:4      | Reached skill level 1 in Invocations
   485 | D:4      | Reached skill level 1 in Evocations
   485 | D:4      | Reached XP level 2. HP: 18/29 MP: 1/3
   485 | D:4      | Reached XP level 3. HP: 22/35 MP: 1/4
   485 | D:4      | Reached XP level 4. HP: 26/41 MP: 1/5
   660 | D:4      | Noticed Edmund
   665 | D:4      | Noticed a bullfrog
   687 | D:4      | Slain by a bullfrog

Illustrated notes

Levels and vault maps discovered:
D:4:      layout_gridville, nicolae_shop_clearance, uniq_grinder, uniq_edmund,
          uniq_crazy_yiuf_cottage
D:5:      layout_cave_pools, marbit_many_paths, zin_scriptorium,
          minmay_temple_entry_butterflies, kennysheep_generic_room_10,
          uniq_blork_the_orc
D:6:      layout_loops_ring, general_overflow_altar, uniq_eustachio, uniq_pikel

Skill      XL: |  1 |
---------------+----+-----
Stealth        | |  9.6
Long Blades    | 1 |  1.1
Axes           | 1 |  1.1
Maces & Flails | 1 |  1.1
Polearms       | 1 |  1.1
Staves         | 1 |  1.1
Ranged Weapons | 1 |  1.1
Throwing       | 1 |  1.1
Armour         | 1 |  1.1
Shields        | 1 |  1.1
Unarmed Combat | 1 |  1.1
Spellcasting   | 1 |  1.1
Invocations    | 1 |  1.2
Evocations     | 1 |  1.1
Fighting       | |  6.6
Short Blades   | |  4.6
Dodging        | |  4.6
Conjurations   | |  0.8
Hexes          | |  0.8
Summonings     | |  0.8
Necromancy     | |  0.8
Translocations | |  0.8
Transmutations | |  0.8
Fire Magic     | |  0.8
Ice Magic      | |  0.8
Air Magic      | |  0.8
Earth Magic    | |  0.8
Poison Magic   | |  0.8

Action                   |  1- 3 |  4- 6 || total
-------------------------+-------+-------++-------
Melee: Short sword       |    21 |    28 ||    49
       Bite              |     2 |       ||     2
  Use: Scroll            |     1 |       ||     1
 Stab: Sleeping          |     1 |     2 ||     3
Armor: Leather armour    |     3 |     5 ||     8
Dodge: Dodged            |    12 |    19 ||    31
